 Dungeon Crawl Stone Soup version 0.30-a0-145-g03d90e2e6d (webtiles) character file.

Game seed: 18400740871049497799

190 qw the Chopper (level 5, -7/32 HPs)
             Began as a Gargoyle Fighter on Sept 26, 2022.
             Mangled by an iguana (8 damage)
             ... on level 4 of the Dungeon.
             The game lasted 00:01:07 (3217 turns).

qw the Chopper (Gargoyle Fighter)                   Turns: 3217, Time: 00:01:07

Health: -7/32      AC: 12    Str: 22    XL:     5   Next: 69%
Magic:  5/5        EV:  9    Int:  8    God:
Gold:   203        SH:  4    Dex:  9    Spells: 4/4 levels left

rFire   . . .      SeeInvis .    Y - +2 war axe
rCold   . . .      Faith    .    c - +0 buckler
rNeg    + + .      Spirit   .    b - +0 scale mail
rPois   inf        Reflect  .    (no helmet)
rElec   +          Harm     .    (no cloak)
rCorr   .          Rampage  .    (no gloves)
Will    .....                    l - +0 pair of boots
Stlth   ..........               (no amulet)
HPRegen 0.10/turn                j - ring of positive energy
MPRegen 0.09/turn                (no ring)

@: about to teleport
A: sickness immunity, AC +4, negative energy resistance 1, electricity
resistance, torment resistance 1, petrification resistance
a: no special abilities


You were on level 4 of the Dungeon.
You visited 1 branch of the dungeon, and saw 4 of its levels.

You collected 203 gold pieces.


Innate Abilities, Weirdness & Mutations

You are immune to sickness and miasma.
Your stone body is resilient. (AC +4)
You are immune to poison.
You resist negative energy. (rN+)
You are resistant to electric shocks. (rElec)
You are resistant to unholy torment.
You are immune to petrification.


   Skills:
 + Level 3.4 Fighting
 - Level 5.1 Axes
 - Level 3.2 Armour
 - Level 3.2 Shields


You had 4 spell levels left.
You didn't know any spells.
Your spell library was empty.

Inventory:

Hand Weapons
 f - a +1 vorpal flail
 Y - a +2 war axe (weapon)
Armour
 b - a +0 scale mail (worn)
 c - a +0 buckler (worn)
 l - a +0 pair of boots (worn)
 o - a +1 pair of boots
Jewellery
 j - a ring of positive energy (left hand)
Scrolls
 a - 2 scrolls of identify
Potions
 d - 2 potions of might
 e - a potion of attraction
 g - a potion of brilliance {unknown}
 h - a potion of haste
 i - 3 potions of curing
 k - a potion of mutation {unknown}
 m - a potion of ambrosia {unknown}
 q - a potion of degeneration {unknown}
 r - a potion of lignification {unknown}

Dungeon Overview and Level Annotations

Branches:
Dungeon (4/15)
 Temple: D:4-7

Altars:
Dithmenos
Fedhas


Message History

d - 2 potions of might (gained 1)
Found an escape hatch in the floor.
Enter note:
Found a book of Flames.
An ice beast comes into view.
An iguana comes into view.
The iguana hisses angrily.
You hit the ice beast.
The ice beast is lightly wounded.
The ice beast hits you but does no damage.
You slash the ice beast!
The ice beast is heavily wounded.
You block the ice beast's attack. The ice beast barely misses you.
You hit the ice beast.
The ice beast is severely wounded.
You block the ice beast's attack.
You closely miss the ice beast.
The ice beast is severely wounded.
The ice beast completely misses you.
You hit the ice beast.
The ice beast is severely wounded.
You hit the iguana but do no damage.
The ice beast hits you but does no damage.
The iguana bites you!
You barely miss the ice beast.
The ice beast is severely wounded.
You slash the iguana! You block the iguana's attack. The ice beast hits you.
The ice beast freezes you.
You slash the ice beast!
The ice beast is almost dead.
You barely miss the iguana. The iguana bites you. The ice beast hits you.
The ice beast freezes you!
The ice beast hits you but does no damage.
You block the iguana's attack.
3217 ||| READING scroll of teleportation.
As you read the scroll of teleportation, it crumbles to dust.
You feel strangely unstable. You block the ice beast's attack.
The iguana bites you!
You die...

. #.........#.. ...#.##
.........####. ...#...
##...##...## #. .......
###..#####.%###.
....$..##.#.). ###..)...
......:.#...# .##..)...
............# #......#..
......l....###.###...##.
......Y@.#..............
.........#..>....#......
........#.......###.....
....###.##...#..........
... #..................
.. ....#...###...##... .
.#..##...###........
.###................. ##
##...............)


You could see an ice beast and an iguana.

Vanquished Creatures
  2 hounds
  4 adders
  2 dart slugs
  10 orcs (D:4)
  11 ball pythons
  11 endoplasms
  A giant cockroach (D:1)
  4 goblins
  3 hobgoblins
  2 quokkas
  7 bats
  4 frilled lizards
  9 kobolds
  4 rats
74 creatures vanquished.

Notes
Turn   | Place    | Note
-------+----------+-------------------------------------------
     0 | D:1      | qw the Gargoyle Fighter began the quest for the Orb.
     0 | D:1      | Reached XP level 1. HP: 14/14 MP: 1/1
     0 | D:1      | 0 ||| qw: Version: 0.2-a-10-g399e6c4
     0 | D:1      | 0 ||| qw: Game counter: 506
     0 | D:1      | 0 ||| qw: Always use a shield: true
     0 | D:1      | 0 ||| qw: God list: Okawaru
     0 | D:1      | 0 ||| qw: Allow faded altars: false
     0 | D:1      | 0 ||| qw: Do Orc after D:15 true
     0 | D:1      | 0 ||| qw: Do second Lair branch before Depths: true
     0 | D:1      | 0 ||| qw: Lair rune preference: random
     0 | D:1      | 0 ||| qw: Plans: Normal, Zot:1-4, God:TSO, Crypt, Tomb,
                  | Pan, Slime:5, Hells, Abyss, Orb
     0 | D:1      | 0 ||| PLANNING D:1-11
    85 | D:1      | Reached skill level 2 in Axes
   232 | D:1      | Reached XP level 2. HP: 19/19 MP: 2/2
   563 | D:1      | 563 ||| Stepping ~*~*~tactically~*~*~ (stealth).
   573 | D:1      | Found a faded altar of an unknown god.
   649 | D:1      | Reached skill level 3 in Axes
   659 | D:1      | 659 ||| Stepping ~*~*~tactically~*~*~ (stealth).
   670 | D:1      | Reached XP level 3. HP: 14/23 MP: 3/3
   943 | D:1      | 943 ||| UPGRADING to +0 pair of boots.
   948 | D:1      | 948 ||| READING 2 scrolls labelled LONTA INYWO.
   949 | D:1      | 949 ||| READING scroll labelled OGEEFF UTAIKHY.
   950 | D:1      | 950 ||| READING 2 scrolls labelled EFEISA XUXE WOT.
   951 | D:1      | 951 ||| READING scroll labelled CUJOCUCAOQO.
   952 | D:1      | 952 ||| DROPPING scroll of butterflies.
  1079 | D:2      | 1079 ||| Stepping ~*~*~tactically~*~*~ (stealth).
  1127 | D:2      | 1127 ||| Stepping ~*~*~tactically~*~*~ (stealth).
  1131 | D:2      | 1131 ||| Stepping ~*~*~tactically~*~*~ (hiding).
  1417 | D:2      | 1417 ||| READING scroll of enchant weapon.
  1417 | D:2      | 1417 ||| ENCHANTING +1 war axe.
  1812 | D:2      | Reached XP level 4. HP: 28/28 MP: 4/4
  1819 | D:2      | 1819 ||| Stepping ~*~*~tactically~*~*~ (stealth).
  1830 | D:2      | Reached skill level 4 in Axes
  2009 | D:2      | 2009 ||| UPGRADING to ring of positive energy.
  2010 | D:2      | 2010 ||| READING scroll labelled TEULOU BEZEIZAZ.
  2011 | D:2      | 2011 ||| READING 2 scrolls labelled NOASMO GUYDA.
  2015 | D:2      | 2015 ||| READING scroll labelled JUIMPI XUQOCI.
  2016 | D:2      | 2016 ||| DRINKING 2 fuming inky potions.
  2017 | D:2      | 2017 ||| READING 3 scrolls of identify.
  2017 | D:2      | 2017 ||| IDENTIFYING murky cyan potion
  2018 | D:2      | 2018 ||| READING 2 scrolls of identify.
  2018 | D:2      | 2018 ||| IDENTIFYING brown potion
  2019 | D:2      | 2019 ||| DROPPING potion of invisibility.
  2191 | D:3      | Reached XP level 5. HP: 28/32 MP: 5/5
  2757 | D:3      | Found a blossoming altar of Fedhas.
  2761 | D:3      | Found a shadowy altar of Dithmenos.
  2815 | D:3      | 2815 ||| READING scroll labelled SEIR EMEVEWKO.
  2816 | D:3      | 2816 ||| DRINKING 3 bubbling pink potions.
  2847 | D:4      | 2847 ||| FLEEEEING.
  2848 | D:4      | 2848 ||| FLEEEEING.
  2849 | D:4      | 2849 ||| FLEEEEING.
  2850 | D:4      | 2850 ||| STAIRDANCE
  2892 | D:4      | 2892 ||| STAIRDANCE
  2965 | D:4      | 2965 ||| DROPPING +0 whip.
  3002 | D:4      | Reached skill level 5 in Axes
  3022 | D:4      | 3022 ||| Stepping ~*~*~tactically~*~*~ (stealth).
  3024 | D:4      | 3024 ||| Stepping ~*~*~tactically~*~*~ (hiding).
  3204 | D:4      | Noticed an ice beast
  3216 | D:4      | HP: 1/32 [ice beast (10)]
  3217 | D:4      | 3217 ||| READING scroll of teleportation.
  3217 | D:4      | Mangled by an iguana

Levels and vault maps discovered:
D:1:      matt_arrival_grand_opening, layout_rooms,
          nicolae_ecumenical_snake_handling, minmay_unequal
D:2:      kb_forest_paths, layout_basic
D:3:      layout_loops_ring, nicolae_overflow_hidden_temple
D:4:      layout_cave_pools, minmay_misc_feat_roman, kennysheep_pointless_box,
          uniq_natasha

Skill      XL: |  1  2  3  4  5 |
---------------+----------------+-----
Axes           | 2 3 4 5 |  5.1
Fighting       | |  3.4
Armour         | |  3.2
Shields        | |  3.2

Action                   |  1- 3 |  4- 6 || total
-------------------------+-------+-------++-------
Melee: War axe           |    96 |    81 ||   177
  Use: Scroll            |     5 |     7 ||    12
       Potion            |       |     2 ||     2
Armor: Scale mail        |    47 |    49 ||    96
Dodge: Dodged            |    38 |    40 ||    78
Block: Buckler           |    17 |    21 ||    38

Table legend:
 A = Non-vault XP
 B = Vault XP
 C = Vault XP percentage of total XP
 D = Non-vault monster count
 E = Vault monster count
 F = Vault count percentage of total count
                 A         B        C        D         E       F
            +---------+---------+-------+---------+---------+-------
      Total |     234 |      38 |  14.0 |      58 |      16 |  21.6
            +---------+---------+-------+---------+---------+-------
        D:1 |      20 |      15 |  42.9 |      14 |      10 |  41.7
        D:2 |      56 |      23 |  29.1 |      18 |       6 |  25.0
        D:3 |      61 |       0 |   0.0 |      11 |       0 |   0.0
        D:4 |      97 |       0 |   0.0 |      15 |       0 |   0.0
            +---------+---------+-------+---------+---------+-------
